AoeStats
← VaporingCat7235

Arabia

510094612Analyzed
1v1 RM · 2d ago on Sep 29, 2026· 24m 46s· 2 players
Game mode
Random Map
Map size
Tiny (2 player)
Population
200
Speed
Normal
Resources
Standard
Victory
Conquest
Starting age
Dark Age
Ending age
Imperial Age
RankedLock teamsTeams togetherTeam positionsShared explorationLock speedFull tech treeHidden civsTurbo modeCheats
Victory
Defeat
🇰🇿 Mongols · Kazakhstan
834
+15
🇪🇸 Franks · Spain
816
-39
VaporingCat7235
13:11 Feudal Age
26:12 Castle Age
No sounds
9:15 Feudal Age
8:00 Loom
10:08 Double-Bit Axe
10:04 Horse Collar
19:51 Castle Age
19:19 Wheelbarrow
19:25 Gold Mining
19:35 Town Watch
20:42 Bow Saw
21:59 Fletching
23:06 Bodkin Arrow
23:11 Padded Archer Armor
24:06 Padded Archer Armor
24:54 Husbandry
25:04 Bloodlines
Connection lost

Rejoining the realm…

Still unreachable

The connection could not be restored.

Session expired

The server has moved on; the page needs a fresh start.